 Dungeon Crawl Stone Soup version 0.27.0-1-g7a089689b8 (webtiles) character file.

Game seed: 16503121923143731408

2079 pkoi the Martial Artist (level 9, -2/70 HPs)
             Began as a White Draconian Monk on Aug 16, 2021.
             Slain by an ogre (19 damage)
             ... on level 6 of the Dungeon.
             The game lasted 00:09:38 (6458 turns).

pkoi the Martial Artist (White Draconian Monk)      Turns: 6458, Time: 00:09:39

Health: -2/70      AC:  7    Str: 14    XL:     9   Next: 6%
Magic:  14/14      EV: 13    Int: 12    God:
Gold:   189        SH:  0    Dex: 21    Spells: 12/15 levels left

rFire    . . .     SeeInvis .     - Unarmed
rCold    + . .     Faith    .   (no shield)
rNeg     . . .     Spirit   .   (armour unavailable)
rPois    .         Reflect  .   (helmet restricted)
rElec    .         Harm     .   (no cloak)
rCorr    .         Rampage  .   (no gloves)
Will     .....                  (no boots)
Stlth    ++........             (no amulet)
HPRegen  0.21/turn              h - +4 ring of slaying
MPRegen  0.14/turn              m - +6 ring of dexterity

@: no status effects
A: breathe frost, AC +7, unfitting armour, cold resistance 1, cold-blooded
a: Breathe Frost


You were on level 6 of the Dungeon.
You visited 1 branch of the dungeon, and saw 6 of its levels.

You collected 201 gold pieces.
You spent 12 gold pieces at shops.

Inventory:

Missiles
 i - 20 poisoned darts (quivered)
 p - a throwing net
Jewellery
 b - a ring of poison resistance
 f - a ring of fire
 h - a +4 ring of slaying (left hand)
 m - a +6 ring of dexterity (right hand)
 n - a ring of willpower
Wands
 g - a wand of flame (36)
 o - a wand of paralysis (12)
Scrolls
 t - 3 scrolls of identify
Potions
 c - 2 potions of brilliance
 d - 2 potions of curing
 e - a potion of flight
 j - a potion of ambrosia
 k - a potion of might


   Skills:
 - Level 3.2 Fighting
 - Level 2.6 Dodging
 - Level 1.7 Stealth
 + Level 10.5 Unarmed Combat
 + Level 3.7 Spellcasting
 + Level 3.7 Hexes


You had 12 spell levels left.
You knew the following spells:

 Your Spells              Type           Power      Damage    Failure   Level
a - Confusing Touch       Hex            11%        N/A       14%         3

Your spell library contained the following spells:

 Spells                   Type           Power      Damage    Failure   Level
 Slow                     Hex            11%        N/A       8%          2
 Yara's Violent Unravell  Hex/Tmut       3%         3d4       96%         5


Dungeon Overview and Level Annotations

Branches:
Dungeon (6/15)             Temple (0/1) D:6

Altars:

Shops:
D:5 **


Innate Abilities, Weirdness & Mutations

You can breathe waves of freezing cold which knock back foes.
Your icy white scales are hard. (AC +7)
You cannot fit into any form of body armour.
Your flesh is cold resistant. (rC+)
You are cold-blooded and may be slowed by cold attacks.


Message History

You are too confused!
You are too confused!
You are too confused!
Unknown command.
The orc wizard hits you but does no damage.
The orc closely misses you.
You bump into the stone wall.
The orc warrior hits you with a +1 hand axe of freezing.
The orc wizard closely misses you. The orc barely misses you.
You closely miss the orc wizard. You punch the orc wizard!
The orc wizard is heavily wounded.
The orc warrior hits you with a +1 hand axe of freezing!
The orc warrior freezes you.
The orc wizard hits you but does no damage.
The orc closely misses you.
The wyvern zombie completely misses you.
The orc warrior hits you with a +1 hand axe of freezing.
The orc warrior freezes you.
The orc wizard casts a spell.
The orc wizard flickers and vanishes!
Deactivating autopickup; reactivate with Ctrl-A.
The wyvern zombie misses you. The wyvern zombie bites you.
An ogre comes into view. It is wielding a +0 giant spiked club.
Found a book of Decay.
You miss something.
The wyvern zombie bites you but does no damage.
The orc warrior hits you with a +1 hand axe of freezing!
The orc warrior freezes you. Something hits you but does no damage.
You bump into the stone wall.
The wyvern zombie completely misses you.
The orc warrior hits you with a +1 hand axe of freezing!
* * * LOW HITPOINT WARNING * * *
The orc warrior freezes you.
* * * LOW HITPOINT WARNING * * *
Something hits you but does no damage.
The wyvern zombie bites you but does no damage.
You feel less confused.
The ogre hits you with a +0 giant spiked club!!
You die...

...##################........####
...# ...........#........# ...#
..........<#........# ...#
...........#........# ...#
...........#........# .>.#
...................# ...#
...##...#........# †..#####
#O.#.#......... .......#
#.@.Z#..#.##... .......#
......#.{o.##..# ... .......#
........o>......# .. .......#
......##....#..... .......#
####.#..#....#.##.. ###+####
#:...#.#..#..... ....#...##...$.
..... .... .. . .....### ...


You could see an orc warrior, an ogre, an orc and a wyvern zombie.

Vanquished Creatures
  Eustachio (D:4)
  2 black bears (D:4)
  A necrophage (D:4)
  3 ogres
  A phantom (D:4)
  A kobold brigand (D:6)
  3 scorpions
  2 centaur zombies (D:6)
  A bullfrog zombie (D:6)
  2 gnoll shamans
  A jelly (D:5)
  An orc priest (D:4)
  2 hounds
  Jessica (D:3)
  4 iguanas
  2 orc wizards
  6 adders
  16 gnolls
  4 white imps
  A worm (D:2)
  A dart slug (D:3)
  8 orcs
  8 endoplasms
  6 giant cockroaches
  7 hobgoblins
  12 kobolds
  2 quokkas
  6 ball pythons
  8 bats
  7 frilled lizards
  3 goblins
  9 rats
132 creatures vanquished.

Vanquished Creatures (others)
  5 plants (D:1)
5 creatures vanquished.

Grand Total: 137 creatures vanquished

Notes
Turn   | Place    | Note
-------+----------+-------------------------------------------
     0 | D:1      | pkoi the Draconian Monk began the quest for the Orb.
     0 | D:1      | Reached XP level 1. HP: 19/19 MP: 1/1
   341 | D:1      | Reached XP level 2. HP: 25/26 MP: 2/2
   633 | D:1      | Reached skill level 4 in Unarmed Combat
   973 | D:2      | Reached XP level 3. HP: 25/31 MP: 3/3
  1296 | D:2      | Found a faded altar of an unknown god.
  1544 | D:2      | Reached skill level 5 in Unarmed Combat
  1544 | D:2      | Reached XP level 4. HP: 9/38 MP: 4/4
  2351 | D:3      | Noticed Jessica
  2361 | D:3      | Killed Jessica
  2691 | D:3      | Reached XP level 5. HP: 41/45 MP: 5/5
  3204 | D:4      | Noticed Eustachio
  3231 | D:4      | Killed Eustachio
  3232 | D:4      | Reached skill level 7 in Unarmed Combat
  3232 | D:4      | Reached XP level 6. HP: 34/51 MP: 6/6
  3724 | D:4      | Reached skill level 8 in Unarmed Combat
  3724 | D:4      | Your scales start taking on an icy white colour.
  3724 | D:4      | Reached XP level 7. HP: 57/57 MP: 7/7
  3724 | D:4      | Gained mutation: Your flesh is cold resistant. (rC+) [White
                  | Draconian growth]
  3840 | D:4      | Reached skill level 9 in Unarmed Combat
  4076 | D:4      | Learned a level 3 spell: Confusing Touch
  4091 | D:5      | Entered Level 5 of the Dungeon
  4170 | D:5      | Found Xeipeway's General Store.
  4180 | D:5      | Reached XP level 8. HP: 61/63 MP: 8/8
  4226 | D:5      | Reached skill level 1 in Spellcasting
  4241 | D:5      | Reached skill level 1 in Hexes
  4330 | D:5      | Bought a potion of degeneration for 12 gold pieces
  4506 | D:5      | Found Kob Qapp's Elemental Accessories.
  5096 | D:5      | Reached skill level 10 in Unarmed Combat
  6281 | D:6      | Reached XP level 9. HP: 65/70 MP: 12/14
  6447 | D:6      | Found a staircase to the Ecumenical Temple.
  6458 | D:6      | Slain by an ogre

Illustrated notes

Levels and vault maps discovered:
D:1:      saegor_arrival_simple_b, layout_rooms, serial_bayou_ford_a,
          serial_bayou_lake_a
D:2:      layout_rooms, hellmonk_ecumenical_altar_lost_god
D:3:      layout_loops_ring, minmay_fractal_squares_5, uniq_jessica
D:4:      layout_basic, hex_medium, uniq_eustachio
D:5:      layout_basic, serial_shops, nicolae_stop_n_shop_1,
          nicolae_elemental_shop
D:6:      layout_gridville, minmay_temple_entry_mini_moons

Skill      XL: |  1  2  3  4  5  6  7  8 |
---------------+-------------------------+-----
Unarmed Combat | 4 5 7 8 9 10 | 10.5
Spellcasting   | 3 |  3.7
Hexes          | 3 |  3.7
Fighting       | |  3.2
Dodging        | |  2.6
Stealth        | |  1.7

Action                   |  1- 3 |  4- 6 |  7- 9 || total
-------------------------+-------+-------+-------++-------
Melee: Unarmed           |   136 |    81 |   136 ||   353
       Tailslap          |     7 |     9 |    23 ||    39
       Punch             |     1 |     3 |     7 ||    11
Throw: Dart              |       |    50 |    30 ||    80
  Use: Scroll            |       |     7 |     8 ||    15
 Stab: Sleeping          |     4 |     1 |       ||     5
Armor: Skin              |    37 |    12 |    44 ||    93
Dodge: Dodged            |    86 |    43 |    85 ||   214
